Map: Jagannatha LE

Players

A.I. 1 (Very Easy) - Winner!

  • Race: Protoss Protoss
  • Spawn Location: 7:00

HuShang

  • Race: Terran Terran
  • League: Master
  • Spawn Location: 1:00

VOD

https://www.youtube.com/watch?v=X1g4O2PTOtQ

Description

Time

  • Played on: Oct. 9, 2020, 6:30 p.m.
  • Length: 6:41
Show
View Real Time Build Order
Export as new Build Order

A.I. 1 (Very Easy) Protoss - Winner!

Build Orders: 1 Gate Expand, Nexus First 

Get SALT Encoding   

  12  0:00  Probe  
  13  0:13  Probe  
  14  0:21  Pylon  
  14  0:43  Gateway  
  14  1:01  Nexus  
  14  1:20  Pylon  
  14  1:21  Zealot  
  14  1:23  Assimilator  
  16  1:34  Probe  
  16  1:37  Cybernetics Core  
  17  1:42  Probe  
  18  1:52  Probe  
  19  2:01  Probe  
  19  2:04  Assimilator  
  20  2:10  Probe  
  20  2:15  Stalker  
  23  2:17  Warp Gate  
  23  2:20  Probe  
  24  2:23  Probe  
  25  2:34  Probe  
  26  2:48  Probe  
  26  2:49  Assimilator  
  26  2:51  Pylon  
  27  2:55  Probe  
  28  3:02  Probe  
  29  3:09  Probe  
  29  3:11  Robotics Facility  
  30  3:17  Probe  
  31  3:26  Probe  
  32  3:29  Probe  
  32  3:31  Zealot  
  35  3:40  Probe  
  36  3:47  Probe  
  37  3:54  Probe  
  38  3:57  Observer  
  38  4:02  Probe  
  40  4:09  Probe  
  41  4:11  Observer  
  41  4:16  Assimilator, Probe  
  42  4:19  Probe  
  44  4:30  Probe  
  45  4:34  Pylon  
  45  4:36  Probe  
  46  4:45  Probe  
  47  4:47  Sentry  
  47  4:52  Probe  
Show
View Real Time Build Order
Export as new Build Order

HuShang Terran 

Build Orders:  

Get SALT Encoding   

  12  0:00  SCV  
  13  0:12  SCV  
  14  0:17  Supply Depot  
  14  0:24  SCV  
  15  0:39  SCV  
  15  0:40  Barracks  
  16  0:45  Refinery  
  16  0:51  SCV  
  17  1:03  SCV  
  18  1:15  SCV  
  19  1:30  Marine, Orbital Command  
  20  1:41  Command Center  
  20  1:49  Barracks Reactor  
  20  1:55  Supply Depot  
  20  1:56  SCV  
  21  2:09  SCV  
  21  2:12  Factory  
  22  2:21  SCV  
  23  2:23  Bunker  
  23  2:25  Marine  
  23  2:26  Marine  
  25  2:33  Refinery, SCV  
  26  2:44  Marine x2  
  26  2:45  SCV  
  29  2:54  Orbital Command  
  29  2:57  SCV  
  30  3:02  Starport  
  30  3:05  Factory Tech Lab  
  30  3:09  SCV  
  31  3:13  Marine  
  31  3:14  Marine  
  31  3:19  SCV  
  34  3:21  SCV  
  34  3:24  Widow Mine  
  37  3:28  Supply Depot  
  37  3:31  SCV  
  37  3:33  SCV  
  39  3:40  Viking  
  41  3:43  SCV  
  41  3:45  SCV  
  41  3:46  Siege Tank  
  46  3:51  Supply Depot  
  46  3:55  SCV  
  46  3:57  SCV  
  48  4:05  Barracks  
  48  4:06  Barracks  
  48  4:09  SCV  
  50  4:10  SCV  
  50  4:12  Starport Tech Lab  
  50  4:15  Marine x2  
  52  4:21  Supply Depot, SCV  
  52  4:22  SCV  
  54  4:28  Factory Tech Lab  
  54  4:31  Engineering Bay  
  54  4:33  SCV  
  54  4:34  SCV  
  54  4:36  Refinery  
  56  4:38  Starport Reactor, Marine  
  56  4:39  Marine  
  58  4:45  Supply Depot, SCV  
  58  4:46  SCV  
  58  4:47  Siege Tank  
  63  4:58  SCV x2  
  65  5:02  Refinery  
  65  5:03  Supply Depot  
  65  5:08  Marine x4  
  65  5:10  SCV  
  70  5:19  Siege Tank  
  73  5:26  Marine x4  
  77  5:41  Command Center  
  77  5:44  Marauder, Marine x2  
  77  5:45  Marauder  
  83  5:50  SCV x2  
  83  5:55  Supply Depot  
  85  5:58  Supply Depot  
  85  6:14  Marine  
  85  6:17  Marauder x2  
  94  6:19  Marine  
  94  6:20  Supply Depot  
  94  6:22  Supply Depot  
Tags
 
Add a new tag
Caveats
  • Supply blocks, unpowered buildings, or Contaminate may cause inaccurate times.
  • Supply counts are checked every 10 seconds.